cohdb
Replays
Latest Replays
All Replays
Popular Replays
Top Player Replays
Match Explorer
How It Works
Community
CoH3 Stats
Reddit
Sign in to upload your games and track your stats! →
Sign in with Steam
Match 46624949
Unlisted
Match 46624949
Overview
Messages
Build Orders
End
Construct Infanterie Kompanie
MG 42 Machine Gun Team
MG 42 Machine Gun Team
Grenadier Squad
Grenadier Squad
Selects Mechanized Battlegroup
Selects Mechanized Battlegroup
Construct Panzergrenadier Kompanie
Selects Mobile Repair Stations
Pak 40 Anti-tank Gun Team
251 Medium Carrier
251 Medium Carrier
Support Elements
251 Medium Carrier
StuG III G Assault Gun
Nebelwerfer 42 Rocket Launcher Team
Selects Wespe Self-propelled Artillery
MG42
Cavalera
[PMT]Reza Rommel
5t1mbh3n5m
rebelguy12
XxWhoDatGuyxX
alstroemeria
Cornichon31
0
0
Comments
sign in to comment!
No comments posted yet!